 Dungeon Crawl Stone Soup version 0.16.1-4-g8e1b745 (webtiles) character file.

1944 Fluffy the Cleaver (level 9, -3/72 HPs)
             Began as a Hill Orc Fighter on Mar 26, 2015.
             Was an Initiate of Qazlal.
             Slain by Prince Ribbit (6 damage)
             ... on level 6 of the Dungeon.
             The game lasted 00:12:52 (5276 turns).

Fluffy the Cleaver (Hill Orc Fighter)               Turns: 5276, Time: 00:12:52

Health: -3/72      AC:  9    Str: 27    XL:     9   Next: 18%
Magic:  13/13      EV:  7    Int:  8    God:    Qazlal [......]
Gold:   325        SH: 10    Dex: 10    Spells: 0 memorised, 8 levels left

rFire  . . .     SeeInvis .     a - +0 war axe
rCold  . . .     Clarity  .     b - +0 scale mail
rNeg   . . .     SustAb   .     c - +0 shield
rPois  .         Gourm    .     (no helmet)
rElec  .         Spirit   .     (no cloak)
rCorr  .         Warding  .     u - +0 pair of gloves
rMut   .         Stasis   .     D - +0 pair of boots
MR     .....                    (no amulet)
Stlth  ..........               (no ring)
                                y - ring of teleport control

@: mighty, not resistant to hostile enchantments, extremely unstealthy
A: no striking features
a: Renounce Religion, Evoke Teleport Control


You were on level 6 of the Dungeon.
You worshipped Qazlal.
Qazlal was noncommittal.
You were hungry.

You visited 2 branches of the dungeon, and saw 7 of its levels.

You collected 325 gold pieces.

Inventory:

Hand weapons
 a - a +0 war axe (weapon)
Armour
 b - a +0 scale mail (worn)
 c - a +0 shield (worn)
 u - a +0 pair of gloves (worn)
 D - a +0 pair of boots (worn)
Jewellery
 y - a ring of teleport control (left hand)
Magical devices
 E - a wand of random effects (20)
Scrolls
 g - a scroll of magic mapping {unknown}
 j - a scroll of recharging {unknown}
 n - a scroll of immolation {unknown}
 p - a scroll of blinking {unknown}
 q - a scroll of remove curse {unknown}
 t - 2 scrolls of teleportation {unknown}
 A - 2 scrolls of enchant weapon {unknown}
 F - 2 scrolls of brand weapon {unknown}
Potions
 e - a potion of might
 i - a potion of magic
 k - 3 potions of curing
 l - 2 potions of agility
 m - 2 potions of haste
 r - 2 potions of cancellation
 s - a potion of ambrosia {unknown}
 v - a potion of mutation {unknown}
 w - 2 potions of poison {unknown}
 x - a potion of restore abilities {unknown}
 B - a potion of beneficial mutation {unknown}
 C - a potion of flight {unknown}
Comestibles
 d - 6 meat rations
 f - 2 slices of pizza
 h - 2 bread rations
 o - 2 beef jerkies
 z - 3 fruits


   Skills:
 + Level 4.6 Fighting
 + Level 13.7 Axes
 + Level 4.4 Armour
 - Level 3.2 Shields
 + Level 2.9 Invocations


You had 8 spell levels left.
You didn't know any spells.

Dungeon Overview and Level Annotations

Branches:
Dungeon (6/15)             Temple (1/1) D:4

Altars:
Ashenzari
Dithmenos
Elyvilon
Gozag
Kikubaaqudgha
Makhleb
Nemelex Xobeh
Okawaru
Qazlal
Ru
Sif Muna
Trog
Vehumet
Xom
Yredelemnul
Lugonu

Annotations:
D:6 Prince Ribbit


Message History

You miss Prince Ribbit.
Prince Ribbit hits you but does no damage.
Unknown command.
Prince Ribbit hits you.
You closely miss Prince Ribbit.
Prince Ribbit blinks!
Prince Ribbit blinks!
Prince Ribbit catches a wasp with his tongue.
Prince Ribbit closely misses you. Prince Ribbit hits you!
* * * LOW HITPOINT WARNING * * *
You miss Prince Ribbit. Prince Ribbit hits you!
* * * LOW HITPOINT WARNING * * *
Drink which item? (? for menu, Esc to quit)
You feel very mighty all of a sudden. Prince Ribbit hits you!
* * * LOW HITPOINT WARNING * * *
You closely miss Prince Ribbit. Prince Ribbit completely misses you.
Prince Ribbit blinks!
You completely miss Prince Ribbit. You block Prince Ribbit's attack.
Prince Ribbit hits you.
You die...

#............##
#...##........##
... #......#..#
# #########.#
#.# ###.#
###...# ##.....#
##@F...## ?
###.....##
r....###.......#
.............###
$........#####
..#.##### #


You could see Prince Ribbit.

Vanquished Creatures
  Pikel (D:5)
  The ghost of puimuR the Chopper, an experienced VSBe of Trog (D:6)
  A phantom (D:5)
  A sky beast (D:3)
  2 ogres (D:4)
  A centaur (D:5)
  A giant frog (D:6)
  A wyvern zombie (D:6)
  2 scorpions
  A crimson imp (D:6)
  A goliath beetle (D:6)
  2 orc priests (D:5)
  A giant frog zombie (D:5)
  An iguana (D:4)
  A hound (D:6)
  2 orc wizards
  Natasha (thrice) (D:3)
  A killer bee zombie (D:6)
  5 worker ants
  6 adders
  A shadow imp (D:5)
  2 giant mites
  3 worms
  An adder zombie (D:6)
  An adder skeleton (D:4)
  4 giant geckos
  8 orcs
  13 bats
  A bat zombie (D:6)
  3 giant cockroaches
  8 goblins
  10 hobgoblins
  A ball python (D:5)
  3 giant newts
  8 jackals
  12 kobolds
  14 rats
128 creatures vanquished.

Vanquished Creatures (others)
  The ghost of RobertPalmer the Covert, an experienced OpWr of Dithmenos (D:5)
  2 slaves (D:5)
  A worker ant (D:5)
4 creatures vanquished.

Grand Total: 132 creatures vanquished

Notes
Turn   | Place    | Note
--------------------------------------------------------------
     0 | D:1      | Fluffy, the Hill Orc Fighter, began the quest for the Orb.
     0 | D:1      | Reached XP level 1. HP: 19/19 MP: 1/1
    54 | D:1      | Reached XP level 2. HP: 26/26 MP: 2/2
    71 | D:1      | Reached skill level 4 in Axes
   140 | D:1      | Found a sparkling altar of Nemelex Xobeh.
   298 | D:1      | Reached XP level 3. HP: 31/31 MP: 3/3
   619 | D:2      | Reached skill level 5 in Axes
  1164 | D:3      | Reached XP level 4. HP: 36/39 MP: 4/4
  1179 | D:3      | Reached skill level 6 in Axes
  1374 | D:3      | Noticed Natasha
  1382 | D:3      | Killed Natasha
  1382 | D:3      | Reached XP level 5. HP: 24/45 MP: 5/5
  1544 | D:3      | Reached skill level 7 in Axes
  1915 | D:3      | Noticed a sky beast
  1920 | D:3      | Noticed Natasha
  1933 | D:3      | Killed Natasha
  1943 | D:3      | Killed a sky beast
  1943 | D:3      | Reached skill level 8 in Axes
  1943 | D:3      | Reached XP level 6. HP: 17/51 MP: 6/6
  2250 | D:3      | Noticed Natasha
  2263 | D:3      | Killed Natasha
  2456 | D:4      | Reached skill level 9 in Axes
  2809 | D:4      | Found a shadowy altar of Dithmenos.
  2810 | D:4      | Found a stormy altar of Qazlal.
  2813 | D:4      | Found a staircase to the Ecumenical Temple.
  2824 | Temple   | Entered the Ecumenical Temple
  2894 | D:4      | Reached XP level 7. HP: 44/57 MP: 7/7
  3023 | D:4      | Reached skill level 10 in Axes
  3290 | D:4      | Found an ancient bone altar of Kikubaaqudgha.
  3298 | D:4      | Found an iron altar of Okawaru.
  3420 | D:4      | Found a white marble altar of Elyvilon.
  3472 | D:4      | Found a shimmering altar of Xom.
  3641 | D:5      | Entered Level 5 of the Dungeon
  3703 | D:5      | Noticed Pikel
  3730 | D:5      | Killed Pikel
  3730 | D:5      | Reached skill level 12 in Axes
  3730 | D:5      | Reached XP level 8. HP: 48/64 MP: 8/8
  3744 | D:5      | Noticed RobertPalmer's ghost (experienced OpWr)
  3791 | D:5      | Killed RobertPalmer's ghost
  4211 | D:5      | Reached skill level 13 in Axes
  4881 | D:4      | Became a worshipper of Qazlal Stormbringer
  4938 | D:6      | Reached skill level 1 in Invocations
  5058 | D:6      | Reached XP level 9. HP: 59/71 MP: 11/11
  5121 | D:6      | Noticed puimuR's ghost (experienced VSBe)
  5129 | D:6      | Killed puimuR's ghost
  5253 | D:6      | Noticed Prince Ribbit
  5272 | D:6      | HP: 3/72 [Prince Ribbit (8)]
  5276 | D:6      | Slain by Prince Ribbit

Action                   |  1- 3 |  4- 6 |  7- 9 || total
-------------------------+-------+-------+-------++-------
Melee: War axe           |   103 |   147 |   251 ||   501
  Use: Scroll            |       |     4 |     1 ||     5
       Potion            |       |       |     1 ||     1
  Eat: Chunk             |     1 |     5 |     8 ||    14
